 Dungeon Crawl Stone Soup version 0.25.1-2-g60ff931df9 (webtiles) character file.

Game seed: 10961913718833382416

22731 growler the Frost Mage (level 12, -29/94 HPs)
             Began as a Black Draconian Ice Elementalist on Oct 13, 2020.
             Was an Elder of Vehumet.
             Annihilated by a stone giant (34 damage)
             ... on level 11 of the Dungeon.
             The game lasted 00:50:44 (15358 turns).

growler the Frost Mage (DrIE)                      Turns: 15358, Time: 00:50:44

Health: -29/94     AC: 17    Str: 12    XL:     12   Next: 65%
Magic:  6/22       EV: 17    Int: 19    God:    Vehumet [****..]
Gold:   453        SH:  5    Dex: 12    Spells: 3/25 levels left

rFire    . . .     SeeInvis .   C - +5 scimitar
rCold    . . .     Gourm    .   w - +0 buckler
rNeg     + . .     Faith    .   (armour unavailable)
rPois    .         Spirit   .   (helmet restricted)
rElec    +         Reflect  .   o - +0 cloak
rCorr    .         Harm     .   j - +0 pair of gloves
MR       .....                  (no boots)
Stlth    +.........             (no amulet)
HPRegen  0.25/turn              r - ring of positive energy
MPRegen  0.18/turn              I - ring of attention

@: icy armour, studying Crossbows
A: breathe lightning, unfitting armour, electricity resistance, cold-blooded, AC
+8
a: Breathe Lightning, Renounce Religion


You were on level 11 of the Dungeon.
You worshipped Vehumet.
Vehumet was greatly pleased with you.
You were hungry.

You visited 2 branches of the dungeon, and saw 12 of its levels.

You collected 453 gold pieces.

Inventory:

Hand Weapons
 d - a +2 short sword of draining
   (You took it off a kobold on level 1 of the Dungeon)
 C - a +5 scimitar (weapon)
   (You took it off a wight on level 7 of the Dungeon)
 G - a cursed +2 scimitar of electrocution
   (You took it off a wight on level 10 of the Dungeon)
Armour
 j - a +0 pair of gloves (worn)
   (You found it on level 2 of the Dungeon)
 o - a +0 cloak (worn)
   (You found it on level 4 of the Dungeon)
 w - a +0 buckler (worn)
   (You found it on level 6 of the Dungeon)
Jewellery
 r - a ring of positive energy (left hand)
   (You found it on level 4 of the Dungeon)
 F - an uncursed amulet of guardian spirit
   (You took it off a deep elf high priest on level 11 of the Dungeon)
 I - a ring of attention (right hand)
   (You found it on level 5 of the Dungeon)
Wands
 v - a wand of digging (6)
   (You found it on level 11 of the Dungeon)
 y - a wand of polymorph (6)
   (You found it on level 6 of the Dungeon)
Scrolls
 b - 2 scrolls of enchant weapon {unknown}
 f - 4 scrolls of blinking
 i - 8 scrolls of remove curse {@r2}
 k - a scroll of amnesia
 n - a scroll of immolation {unknown}
 q - 3 scrolls of fear
 s - a scroll of magic mapping {unknown}
 t - a scroll of fog {unknown}
 x - 2 scrolls of enchant armour {unknown}
 z - a scroll of teleportation {unknown}
 A - a scroll of silence {unknown}
 D - a scroll of random uselessness {unknown}
Potions
 a - 2 potions of heal wounds {@q2}
 c - 2 potions of might {unknown}
 g - 2 potions of ambrosia
 h - a potion of mutation {unknown}
 l - 2 potions of lignification {!q}
 m - 3 potions of degeneration {unknown}
 p - 2 potions of stabbing
 u - 4 potions of flight {unknown}
 B - a potion of brilliance
 E - a potion of curing {@q1}
Books
 K - a manual of Crossbows {!d}
   (You found it on level 11 of the Dungeon)
Miscellaneous
 H - a box of beasts
 J - a phantom mirror
Comestibles
 e - 16 rations {!d}


   Skills:
 - Level 5.0 Fighting
 - Level 9.0 Dodging
 - Level 1.7 Stealth
 - Level 4.0 Shields
 - Level 7.0 Spellcasting
 + Level 7.3 Conjurations
 + Level 8.2 Summonings
 - Level 13.0 Ice Magic


You had 3 spell levels left.
You knew the following spells:

 Your Spells              Type           Power        Failure   Level  Hunger
a - Freeze                Ice            ####         1%          1    None
b - Frozen Ramparts       Ice            ######       1%          3    #......
c - Ozocubu's Armour      Chrm/Ice       ####....     1%          3    #......
d - Summon Ice Beast      Ice/Summ       #####...     1%          4    ###....
e - Hailstorm             Conj/Ice       #####...     1%          4    ###....
f - Spellforged Servitor  Conj/Summ      #####.....   63%         7    #######

Your spell library contained the following spells:

 Spells                   Type           Power        Failure   Level  Hunger
 Bolt of Magma            Conj/Fire/Erth ###.......   26%         5    #####..
 Summon Small Mammal      Summ           ####         1%          1    None
 Call Imp                 Summ           #####...     1%          2    None
 Ensorcelled Hibernation  Hex/Ice        ####..       1%          2    None
 Call Canine Familiar     Summ           #####...     1%          3    #......
 Dazzling Flash           Conj/Hex       ###...       1%          3    #......
 Summon Guardian Golem    Hex/Summ       ###.....     5%          3    #......
 Animate Skeleton         Necr           N/A          10%         1    None
 Apportation              Tloc           #.....       10%         1    None
 Corona                   Hex            #......      10%         1    None
 Pain                     Necr           #...         10%         1    None
 Confusing Touch          Hex            #.......     30%         3    #......
 Tukima's Dance           Hex            #.......     30%         3    #......
 Vampiric Draining        Necr           #.........   30%         3    #......
 Iskenderun's Battlesphe  Conj/Chrm      ###.....     16%         5    #####..
 Summon Lightning Spire   Summ/Air       ###.....     19%         4    ###....
 Iron Shot                Conj/Erth      ###.......   61%         6    ######.
 Orb of Destruction       Conj           ####......   67%         7    #######
 Animate Dead             Necr           N/A          69%         4    ###....
 Agony                    Necr           #.......     95%         5    #####..


Dungeon Overview and Level Annotations

Branches:
Dungeon (11/15)            Temple (1/1) D:4            Lair (0/6) D:11
    Orc (0/2) D:9

Altars:
Ashenzari
Cheibriados
Dithmenos
Elyvilon
Fedhas
Gozag
Hepliaklqana
Kikubaaqudgha
Makhleb
Nemelex Xobeh
Okawaru
Qazlal
Ru
Sif Muna
Trog
Uskayaw
Vehumet
Wu Jian
Xom
Yredelemnul
Zin
The Shining One

Annotations:
D:8 3 runed translucent doors


Innate Abilities, Weirdness & Mutations

You can breathe wild blasts of lightning.
Your glossy black scales are hard. (AC +8)
You cannot fit into any form of body armour.
You are resistant to electric shocks. (rElec)
You are cold-blooded and may be slowed by cold attacks.


Message History

The stone giant hits you.
* * * LOW HITPOINT WARNING * * *
You hit the stone giant but do no damage.
The wall freezes the stone giant!
The stone giant hits you but does no damage.
You hit the stone giant but do no damage.
You tail-slap the stone giant, but do no damage.
The wall freezes the stone giant!
You kill the stone giant!
Vehumet accepts your kill.
You feel your power returning.
Your Conjurations skill increases to level 7!
Your Summonings skill increases to level 8!
Your icy armour cracks and falls away as you move.
The frozen ramparts melt away.
You see here 2 large rocks.
You pick up a book of Cantrips and begin reading...
You add the spell Apportation to your library.
The stone giant shouts!
Okay, then.
As you read the scroll labeled CASTRA UKIL WIA, it crumbles to dust.
It is a scroll of amnesia.
Really abort (and waste the scroll)?
Okay, then.
Okay, then.
A chill wind blows around you.
You are feeling hungry.
A chill wind blows around you. A chill wind blows around you.
The walls around you are covered in ice.
The wall freezes the stone giant!
The stone giant throws a large rock.
The large rock hits your ice beast!!!
Your ice beast dies!
You swap places.
The wall freezes the stone giant!
The stone giant throws a large rock.
The large rock hits your ice beast!!!
Your ice beast dies!
The wall freezes the stone giant!
The stone giant throws a large rock.
The large rock hits your ice beast. A film of ice covers your body!
The wall freezes the stone giant.
The wall freezes the stone giant.
The wall freezes the stone giant!
The stone giant hits your ice beast.
Your ice beast hits the stone giant but does no damage.
The wall freezes the stone giant.
The stone giant hits your ice beast!!!
Your ice beast dies!
The wall freezes the stone giant.
You hit the stone giant.
The frozen ramparts melt away.
The stone giant hits you!!
* * * LOW HITPOINT WARNING * * *
The stone giant hits you!!
You die...

##......Y..## #.#####
##...#####...###..)#..
#...##...##...##.#####
##..##.....##Y.##.#####
#...#.......#.Y.#.(.#..
#...#..(#...#...#...#..
#.#.#.#(#..###C.##..#..
#)#####C#...#...#...#..
#...#.@.#.......#..###.
#)..#...#....(..#.## ##
#..(#..(##.....##..###.
#)#####.##[..):##...#..
#.#.#.#.####[#####..#..
#...#...#########...#..
#((.#...(.#...#.....#..
##..##.............##..
#...##(.#..#..#..##...


You could see a stone giant.

Vanquished Creatures
  A stone giant (D:11)
  A deep elf high priest (D:11)
  A yaktaur captain (D:11)
  Erolcha (D:9)
  2 hydras (D:11)
  4 two-headed ogres
  A deep troll earth mage (D:11)
  2 unseen horrors (D:11)
  A flayed ghost (D:11)
  Pikel (D:5)
  An ugly thing (D:11)
  A cyclops (D:11)
  Joseph (D:9)
  A komodo dragon (D:11)
  2 trolls
  A hornet (D:8)
  5 slime creatures (D:10)
  Prince Ribbit (D:9)
  3 hippogriffs
  Sigmund (D:2)
  2 shadows (D:11)
  2 wyverns
  A hungry ghost (D:7)
  11 yaks
  Edmund (D:5)
  An acid dragon (D:11)
  A water moccasin (D:11)
  4 sky beasts
  6 orc warriors
  4 slaves (D:5)
  3 black bears
  2 ice beasts
  6 ogres
  A phantom (D:11)
  A necrophage (D:10)
  7 centaurs
  9 bullfrogs
  A scorpion (D:2)
  10 killer bees
  7 wights
  7 howler monkeys
  3 bullfrog zombies
  2 crimson imps (D:7)
  2 centaur zombies
  A quasit (D:6)
  A bullfrog skeleton (D:4)
  2 jellies
  3 centaur skeletons
  8 orc priests
  4 hounds
  18 orc wizards
  An iguana (D:6)
  8 worker ants
  A hound zombie (D:5)
  A worker ant zombie (D:7)
  A howler monkey skeleton (D:9)
  9 adders
  3 gnolls (D:5)
  5 shadow imps
  3 oozes
  An adder skeleton (D:7)
  8 leopard geckos
  46 orcs
  3 ball pythons
  12 bats
  7 giant cockroaches
  9 goblins
  6 hobgoblins
  3 quokkas
  2 frilled lizards
  6 kobolds
  12 rats
310 creatures vanquished.

Vanquished Creatures (others)
  A plant (D:11)
1 creature vanquished.

Grand Total: 311 creatures vanquished

Notes
Turn   | Place    | Note
-------+----------+-------------------------------------------
     0 | D:1      | growler the Draconian Ice Elementalist began the quest for
                  | the Orb.
     0 | D:1      | Reached XP level 1. HP: 14/14 MP: 3/3
   463 | D:1      | Reached XP level 2. HP: 20/20 MP: 0/5
   797 | D:1      | Reached skill level 5 in Ice Magic
   861 | D:1      | Reached XP level 3. HP: 26/26 MP: 4/6
  1243 | D:1      | Learned a level 3 spell: Frozen Ramparts
  1289 | D:1      | Reached XP level 4. HP: 2/33 MP: 0/7
  1654 | D:2      | Reached skill level 6 in Ice Magic
  1988 | D:2      | Noticed Sigmund
  1999 | D:2      | Learned a level 3 spell: Ozocubu's Armour
  2017 | D:2      | Killed Sigmund
  2017 | D:2      | Reached skill level 7 in Ice Magic
  2017 | D:2      | Reached XP level 5. HP: 13/38 MP: 2/8
  2017 | D:2      | Reached XP level 6. HP: 16/45 MP: 2/9
  2747 | D:3      | Found a burning altar of Makhleb.
  2939 | D:3      | Found a blossoming altar of Fedhas.
  2945 | D:3      | Found a white marble altar of Elyvilon.
  2950 | D:3      | Found a hide-covered altar of Uskayaw.
  3671 | D:4      | Found a staircase to the Ecumenical Temple.
  3844 | D:4      | Your scales start taking on a glossy black colour.
  3844 | D:4      | Reached XP level 7. HP: 50/50 MP: 8/12
  3844 | D:4      | Gained mutation: You are resistant to electric shocks.
                  | (rElec) [Black Draconian growth]
  3868 | Temple   | Entered the Ecumenical Temple
  3949 | Temple   | Became a worshipper of Vehumet
  4402 | D:4      | Learned a level 4 spell: Summon Ice Beast
  4403 | D:5      | Entered Level 5 of the Dungeon
  4585 | D:5      | Noticed Pikel
  4606 | D:5      | Killed Pikel
  4606 | D:5      | Reached skill level 5 in Spellcasting
  4606 | D:5      | Reached skill level 8 in Ice Magic
  4606 | D:5      | Reached XP level 8. HP: 22/57 MP: 8/15
  4837 | D:5      | Reached skill level 9 in Ice Magic
  5265 | D:5      | Noticed Edmund
  5271 | D:5      | Killed Edmund
  5765 | D:6      | Reached skill level 10 in Ice Magic
  6370 | D:6      | Reached skill level 1 in Shields
  6378 | D:6      | Reached * piety under Vehumet
  6378 | D:6      | Offered knowledge of Foxfire by Vehumet.
  7107 | D:7      | Reached XP level 9. HP: 49/62 MP: 13/16
  7353 | D:7      | Reached skill level 5 in Dodging
  7657 | D:7      | Offered knowledge of Shock by Vehumet.
  7894 | D:7      | Reached ** piety under Vehumet
  8335 | D:8      | Reached skill level 11 in Ice Magic
  8456 | D:8      | Noticed a two-headed ogre
  8457 | D:8      | Offered knowledge of Ignite Poison by Vehumet.
  8465 | D:8      | Killed a two-headed ogre
  8465 | D:8      | Reached skill level 12 in Ice Magic
  8465 | D:8      | Reached XP level 10. HP: 33/73 MP: 17/17
  8723 | D:8      | Reached *** piety under Vehumet
  9018 | D:8      | Found a stormy altar of Qazlal.
  9265 | D:8      | Reached skill level 5 in Fighting
  9378 | D:8      | Found a shimmering altar of Xom.
  9379 | D:8      | Noticed an angel
  9380 | D:8      | Found a glowing silver altar of Zin.
  9430 | D:8      | Found a runed translucent gate.
  9430 | D:8      | Found a runed translucent gate.
  9432 | D:8      | Found a runed translucent gate.
  9433 | D:8      | Noticed a cyan ugly thing
  9433 | D:8      | Noticed a brown ugly thing
  9434 | D:8      | Noticed a brown ugly thing
  9434 | D:8      | Noticed a white ugly thing
  9436 | D:8      | Noticed a cyan ugly thing
  9685 | D:9      | Noticed Prince Ribbit
  9716 | D:9      | Killed Prince Ribbit
  9817 | D:9      | Noticed Erolcha
  9832 | D:9      | Killed Erolcha
  9837 | D:9      | Offered knowledge of Conjure Flame by Vehumet.
  9922 | D:9      | Noticed Joseph
  9941 | D:9      | Killed Joseph
 10050 | D:9      | Reached **** piety under Vehumet
 10054 | D:9      | Reached XP level 11. HP: 63/86 MP: 21/21
 10183 | D:9      | Found an iron altar of Okawaru.
 10231 | D:9      | Found a staircase to the Orcish Mines.
 10419 | D:10     | Entered Level 10 of the Dungeon
 10612 | D:10     | Noticed a two-headed ogre
 10622 | D:10     | Killed a two-headed ogre
 10622 | D:10     | Reached skill level 13 in Ice Magic
 10953 | D:10     | Offered knowledge of Bolt of Magma by Vehumet.
 11957 | D:11     | Noticed a two-headed ogre
 11966 | D:11     | Killed a two-headed ogre
 11986 | D:11     | Learned a level 4 spell: Hailstorm
 12253 | D:11     | Noticed a cyan ugly thing
 12262 | D:11     | Killed a cyan ugly thing
 12262 | D:11     | Reached skill level 1 in Conjurations
 12685 | D:11     | Found a stormy altar of Qazlal.
 12739 | D:11     | Found a staircase to the Lair.
 12760 | D:11     | Killed an unseen horror
 12760 | D:11     | Reached skill level 5 in Summonings
 12766 | D:11     | Reached XP level 12. HP: 56/94 MP: 15/22
 13252 | D:11     | Noticed an eight-headed hydra
 13257 | D:11     | Noticed a four-headed hydra
 13261 | D:11     | Noticed a two-headed ogre
 13274 | D:11     | Killed a four-headed hydra
 13342 | D:11     | Noticed a yaktaur captain
 13358 | D:11     | Killed a yaktaur captain
 13358 | D:11     | Reached skill level 5 in Conjurations
 13576 | D:11     | Noticed a frost giant
 13592 | D:11     | Noticed a deep elf high priest
 13592 | D:11     | Noticed a stone giant
 13603 | D:11     | Noticed a stone giant
 13604 | D:11     | Noticed a deep troll earth mage
 13622 | D:11     | HP: 1/94 [something (23)]
 13888 | D:11     | Identified the +5 chain mail of Masochism {Regen+ Int-4
                  | Dex+5}
 13901 | D:11     | Killed a deep elf high priest
 14116 | D:11     | Killed a deep troll earth mage
 14154 | D:11     | Learned a level 7 spell: Spellforged Servitor
 14766 | D:11     | Killed a two-headed ogre
 14892 | D:11     | Killed an eight-headed hydra
 15335 | D:11     | Killed a stone giant
 15358 | D:11     | Annihilated by a stone giant

Illustrated notes

Levels and vault maps discovered:
D:1:      arrival_zaba_pyramid, layout_loops_ring
D:2:      layout_loops_ring, first_ration, uniq_sigmund
D:3:      layout_basic, minitemple, makhleb_heckhound_becter
D:4:      layout_basic, minmay_temple_entry_crystal_x
D:5:      layout_basic, uniq_edmund, uniq_pikel
D:6:      layout_rooms, chequers_serial_rivers_micro_d
D:7:      layout_gridville, serial_glass, glass_columns_b, glass_columns_a,
          minmay_misc_feat_tiny, minmay_a_box_with_orc_wizards_in_it
D:8:      layout_loops_cross, grunt_temple_overflow_order_and_chaos_1,
          grunt_qazlal_sundering, ploomutoo_gammafunk_ghost_potion_laboratory
D:9:      layout_big_octagon, kennysheep_mini, david_orc_4, uniq_prince_ribbit1,
          uniq_erolcha, uniq_joseph
D:10:     layout_loops_ring
D:11:     minmay_tile_spiral, layout_basic, david_lair_shrubbed,
          lemuel_tele_altar
Temple:   zaba_magenta_temple

Skill      XL: |  1  2  3  4  5  6  7  8  9 10 11 12 |
---------------+-------------------------------------+-----
Ice Magic      | 5 7 8 10 12 13 | 13.0
Spellcasting   | 3 5 7 |  7.0
Dodging        | 4 6 9 |  9.0
Shields        | 2 4 |  4.0
Fighting       | 2 5 |  5.0
Summonings     | 5 8 |  8.2
Conjurations   | 3 7 |  7.3
Stealth        | |  1.7

Action                   |  1- 3 |  4- 6 |  7- 9 | 10-12 || total
-------------------------+-------+-------+-------+-------++-------
Melee: Unarmed           |     6 |       |       |       ||     6
       Short sword       |     3 |   106 |   186 |       ||   295
       Tailslap          |       |     7 |    28 |    40 ||    75
       Scimitar          |       |       |    58 |   256 ||   314
 Cast: Freeze            |    39 |     2 |    21 |    21 ||    83
       Frozen Ramparts   |     2 |    11 |    27 |    58 ||    98
       Ozocubu's Armour  |       |       |     4 |    23 ||    27
       Summon Ice Beast  |       |       |       |     6 ||     6
 Abil: Breathe Lightning |       |       |     1 |       ||     1
Evoke: Box of beasts     |       |       |       |     1 ||     1
  Use: Scroll            |       |       |     6 |     4 ||    10
       Potion            |       |       |       |     5 ||     5
 Stab: Sleeping          |     1 |     3 |     1 |       ||     5
  Eat: Chunk             |     2 |     8 |    17 |    21 ||    48
       Ration            |       |       |     1 |     1 ||     2
Armor: Skin              |    13 |    41 |   104 |   110 ||   268
Dodge: Dodged            |    22 |    75 |   175 |   229 ||   501
Block: Buckler           |       |       |    29 |    80 ||   109
       Rpst.: Scimitar   |       |       |    21 |    63 ||    84
